[ AOE2 MATCH · #504747106 ]
UnrankedHindustanis vs Mongols
Player's team · LOSS
Rival team · WIN
[ REPLAY ANALYSIS · EXTRACTED FROM THE RECORDED GAME ]
Feudal
9:45
Castle
25:14
Imperial
—
| APM avg | 46.7 |
| APM peak | 79 |
| eAPM avg | 25.1 |
| Villagers / military | 80 / 36 |
Focus
⚔️ 33.3% · 🌾 66.7%
Skirmisher ×18 · Monk ×9 · Militia ×5 · Armored Elephant ×3 · Mangonel ×1
Feudal
9:20
Castle
24:56
Imperial
40:35
| APM avg | 62.5 |
| APM peak | 108 |
| eAPM avg | 38.5 |
| Villagers / military | 165 / 62 |
Focus
⚔️ 29.2% · 🌾 70.8%
Archer ×24 · Knight ×11 · Militia ×10 · Scout Cavalry ×8 · Skirmisher ×3 · Mangonel ×2
Match map
Initial resources + every placement click. Lines = walls · curves = elevation contours. ◆ gold · ⬟ stone · ● berries · ✦ relic · ◌ wall gap
Your base· Open — 1t gap
Regina Phalange's base· ✓ Closed at 24:56 · 12t walls · 3 gate(s) · fragile
Smoothed initial terrain · ◌ = detected wall gap · hover for details
Inputs per minute
— Alec0nk - - Regina Phalange
Build order — Alec0nk
First 150 of 213 actions detected
| 0:00 | Queue | Villager (Male) |
| 0:02 | Build | House |
| 0:03 | Build | House |
| 0:25 | Queue | Villager (Male) |
| 0:26 | Queue | Villager (Male) |
| 0:28 | Queue | Villager (Male) |
| 1:13 | Queue | Villager (Male) |
| 1:34 | Queue | Villager (Male) |
| 1:50 | Queue | Villager (Male) |
| 2:02 | Build | Lumber Camp |
| 2:37 | Queue | Villager (Male) |
| 2:42 | Queue | Villager (Male) |
| 3:11 | Queue | Villager (Male) |
| 3:50 | Queue | Villager (Male) |
| 4:21 | Queue | Villager (Male) |
| 4:32 | Build | House |
| 5:05 | Queue | Villager (Male) |
| 5:11 | Build | Barracks |
| 5:17 | Queue | Villager (Male) |
| 5:55 | Queue | Villager (Male) |
| 6:05 | Queue | Militia |
| 6:06 | Queue | Militia |
| 6:09 | Build | House |
| 6:16 | Queue | Militia |
| 6:22 | Queue | Villager (Male) |
| 7:10 | Research | Loom |
| 7:32 | Research | Feudal Age |
| 8:47 | Queue | Villager (Male) |
| 9:21 | Build | Outpost |
| 9:36 | Queue | Villager (Male) |
| 9:36 | Queue | Villager (Male) |
| 9:45 | Age | Feudal Age |
| 10:18 | Build | Mining Camp |
| 10:37 | Queue | Villager (Male) |
| 10:43 | Build | Watch Tower |
| 10:57 | Queue | Villager (Male) |
| 11:20 | Build | Palisade Wall |
| 11:55 | Build | Palisade Wall |
| 11:59 | Build | Palisade Wall |
| 12:22 | Build | Mill |
| 12:27 | Build | Mining Camp |
| 12:52 | Build | Palisade Wall |
| 12:54 | Build | Palisade Wall |
| 12:54 | Build | Palisade Wall |
| 12:55 | Build | Palisade Wall |
| 12:55 | Build | Palisade Wall |
| 12:56 | Build | Palisade Wall |
| 13:03 | Queue | Villager (Male) |
| 13:10 | Queue | Villager (Male) |
| 13:21 | Build | Farm |
| 13:23 | Build | Farm |
| 13:25 | Build | Farm |
| 13:26 | Build | Farm |
| 13:30 | Build | Farm |
| 13:35 | Build | House |
| 14:03 | Queue | Villager (Male) |
| 14:23 | Build | Palisade Wall |
| 14:24 | Build | Palisade Wall |
| 14:31 | Build | Farm |
| 14:32 | Build | Farm |
| 14:33 | Queue | Villager (Male) |
| 15:00 | Queue | Villager (Male) |
| 15:03 | Build | Farm |
| 15:04 | Queue | Villager (Male) |
| 15:15 | Queue | Militia |
| 15:16 | Queue | Militia |
| 15:19 | Research | Man-at-Arms (upgrade) |
| 15:24 | Build | Outpost |
| 15:32 | Build | Farm |
| 15:51 | Build | Mining Camp |
| 16:01 | Research | Town Watch |
| 16:01 | Queue | Villager (Male) |
| 16:04 | Build | Farm |
| 16:07 | Build | Farm |
| 16:08 | Queue | Villager (Male) |
| 16:12 | Build | House |
| 16:13 | Build | House |
| 16:41 | Queue | Villager (Male) |
| 16:43 | Build | Market |
| 16:45 | Queue | Villager (Male) |
| 16:49 | Research | Double-Bit Axe |
| 17:03 | Queue | Villager (Male) |
| 17:38 | Queue | Villager (Male) |
| 18:04 | Queue | Villager (Male) |
| 18:11 | Build | Archery Range |
| 18:15 | Queue | Villager (Male) |
| 18:58 | Build | Watch Tower |
| 19:02 | Queue | Skirmisher |
| 19:02 | Queue | Skirmisher |
| 19:04 | Queue | Villager (Male) |
| 19:06 | Build | Farm |
| 19:07 | Build | Farm |
| 19:35 | Research | Wheelbarrow |
| 19:48 | Research | Gold Mining |
| 19:51 | Queue | Skirmisher |
| 20:12 | Queue | Skirmisher |
| 20:28 | Build | Blacksmith |
| 20:36 | Queue | Villager (Male) |
| 20:36 | Queue | Skirmisher |
| 20:54 | Queue | Villager (Male) |
| 20:58 | Queue | Skirmisher |
| 21:01 | Research | Fletching |
| 21:04 | Queue | Skirmisher |
| 21:12 | Queue | Skirmisher |
| 21:48 | Build | House |
| 21:50 | Build | House |
| 21:52 | Queue | Villager (Male) |
| 22:34 | Research | Castle Age |
| 22:34 | Research | Castle Age |
| 22:48 | Queue | Skirmisher |
| 22:48 | Queue | Skirmisher |
| 23:21 | Build | House |
| 23:27 | Queue | Skirmisher |
| 23:27 | Queue | Skirmisher |
| 23:33 | Queue | Skirmisher |
| 23:44 | Queue | Villager (Male) |
| 24:20 | Queue | Skirmisher |
| 24:22 | Research | Padded Archer Armor |
| 24:39 | Build | Farm |
| 24:40 | Build | Farm |
| 25:14 | Age | Castle Age |
| 25:21 | Research | Elite Skirmisher (upgrade) |
| 25:27 | Research | Bodkin Arrow |
| 25:46 | Build | Palisade Wall |
| 25:46 | Build | Palisade Wall |
| 25:55 | Queue | Villager (Male) |
| 26:10 | Queue | Villager (Male) |
| 26:39 | Queue | Villager (Male) |
| 26:42 | Build | Farm |
| 26:56 | Build | Mining Camp |
| 27:05 | Build | House |
| 27:07 | Queue | Villager (Male) |
| 27:10 | Research | Bow Saw |
| 27:17 | Build | Town Center |
| 27:52 | Build | Monastery |
| 28:09 | Queue | Villager (Male) |
| 28:27 | Queue | Monk |
| 28:34 | Queue | Villager (Male) |
| 28:38 | Build | Farm |
| 28:52 | Queue | Skirmisher |
| 28:55 | Research | Stone Mining |
| 29:03 | Build | Farm |
| 29:13 | Queue | Villager (Male) |
| 29:13 | Queue | Villager (Male) |
| 29:23 | Build | Farm |
| 29:31 | Queue | Monk |
| 29:37 | Queue | Monk |
| 29:46 | Queue | Skirmisher |
| 30:45 | Queue | Villager (Male) |
| 30:45 | Queue | Villager (Male) |
Build order — Regina Phalange
First 150 of 336 actions detected
| 0:02 | Queue | Villager (Male) |
| 0:02 | Queue | Villager (Male) |
| 0:02 | Queue | Villager (Male) |
| 0:03 | Build | House |
| 0:04 | Build | House |
| 0:07 | Queue | Villager (Male) |
| 0:07 | Queue | Villager (Male) |
| 1:30 | Queue | Villager (Male) |
| 1:30 | Queue | Villager (Male) |
| 2:04 | Queue | Villager (Male) |
| 2:04 | Queue | Villager (Male) |
| 2:35 | Queue | Villager (Male) |
| 2:35 | Queue | Villager (Male) |
| 2:36 | Queue | Villager (Male) |
| 2:54 | Queue | Villager (Male) |
| 2:55 | Queue | Villager (Male) |
| 2:55 | Queue | Villager (Male) |
| 2:59 | Queue | Villager (Male) |
| 2:59 | Queue | Villager (Male) |
| 3:43 | Build | House |
| 3:48 | Queue | Villager (Male) |
| 3:49 | Queue | Villager (Male) |
| 3:49 | Queue | Villager (Male) |
| 4:06 | Queue | Villager (Male) |
| 4:06 | Queue | Villager (Male) |
| 4:24 | Queue | Villager (Male) |
| 4:24 | Queue | Villager (Male) |
| 4:24 | Queue | Villager (Male) |
| 4:24 | Queue | Villager (Male) |
| 4:48 | Build | Lumber Camp |
| 4:50 | Queue | Villager (Male) |
| 4:50 | Queue | Villager (Male) |
| 4:50 | Queue | Villager (Male) |
| 4:50 | Queue | Villager (Male) |
| 4:58 | Queue | Villager (Male) |
| 5:15 | Queue | Villager (Male) |
| 5:30 | Queue | Villager (Male) |
| 5:52 | Queue | Villager (Male) |
| 6:12 | Queue | Villager (Male) |
| 6:17 | Build | Mill |
| 6:19 | Queue | Villager (Male) |
| 6:29 | Research | Loom |
| 6:54 | Research | Feudal Age |
| 6:55 | Research | Feudal Age |
| 6:59 | Queue | Villager (Male) |
| 7:02 | Build | House |
| 7:35 | Build | Barracks |
| 8:02 | Queue | Villager (Male) |
| 8:05 | Queue | Villager (Male) |
| 8:12 | Build | Mining Camp |
| 8:16 | Queue | Villager (Male) |
| 8:19 | Queue | Militia |
| 8:19 | Queue | Militia |
| 8:19 | Queue | Militia |
| 8:20 | Queue | Militia |
| 8:21 | Build | Palisade Wall |
| 8:22 | Build | House |
| 8:25 | Queue | Villager (Male) |
| 8:38 | Queue | Militia |
| 8:40 | Build | Palisade Wall |
| 8:40 | Build | Palisade Wall |
| 8:48 | Build | Palisade Gate |
| 8:50 | Build | Palisade Wall |
| 8:57 | Build | House |
| 8:59 | Build | Palisade Wall |
| 9:00 | Build | Palisade Wall |
| 9:01 | Build | Palisade Wall |
| 9:02 | Build | Palisade Wall |
| 9:04 | Build | Palisade Wall |
| 9:15 | Queue | Villager (Male) |
| 9:20 | Age | Feudal Age |
| 9:53 | Queue | Villager (Male) |
| 10:07 | Queue | Militia |
| 10:07 | Queue | Militia |
| 10:07 | Queue | Militia |
| 10:20 | Queue | Villager (Male) |
| 10:20 | Queue | Villager (Male) |
| 10:20 | Queue | Villager (Male) |
| 10:21 | Queue | Villager (Male) |
| 10:25 | Queue | Villager (Male) |
| 10:38 | Research | Man-at-Arms (upgrade) |
| 10:38 | Research | Man-at-Arms (upgrade) |
| 10:50 | Queue | Villager (Male) |
| 10:50 | Queue | Villager (Male) |
| 10:51 | Queue | Villager (Male) |
| 11:06 | Queue | Villager (Male) |
| 11:11 | Queue | Militia |
| 11:11 | Queue | Militia |
| 12:00 | Queue | Villager (Male) |
| 12:00 | Queue | Villager (Male) |
| 12:00 | Queue | Villager (Male) |
| 12:03 | Build | Farm |
| 12:04 | Build | Farm |
| 12:04 | Build | Farm |
| 12:07 | Build | Archery Range |
| 12:12 | Build | House |
| 12:22 | Queue | Villager (Male) |
| 12:47 | Build | Mining Camp |
| 12:59 | Queue | Villager (Male) |
| 13:00 | Queue | Villager (Male) |
| 13:00 | Queue | Villager (Male) |
| 13:09 | Build | House |
| 13:29 | Build | Palisade Wall |
| 13:31 | Build | Palisade Wall |
| 13:47 | Build | Farm |
| 13:57 | Queue | Villager (Male) |
| 14:01 | Queue | Archer |
| 14:02 | Queue | Archer |
| 14:10 | Queue | Villager (Male) |
| 14:17 | Queue | Villager (Male) |
| 14:17 | Queue | Villager (Male) |
| 14:19 | Queue | Villager (Male) |
| 14:19 | Queue | Villager (Male) |
| 14:19 | Queue | Villager (Male) |
| 14:25 | Queue | Villager (Male) |
| 14:31 | Queue | Villager (Male) |
| 14:43 | Build | Archery Range |
| 14:45 | Queue | Villager (Male) |
| 14:47 | Queue | Villager (Male) |
| 14:51 | Build | House |
| 14:54 | Queue | Villager (Male) |
| 15:01 | Queue | Archer |
| 15:02 | Queue | Archer |
| 15:02 | Queue | Archer |
| 15:14 | Research | Double-Bit Axe |
| 15:14 | Research | Double-Bit Axe |
| 15:36 | Queue | Archer |
| 15:36 | Queue | Archer |
| 15:56 | Queue | Archer |
| 15:57 | Queue | Archer |
| 16:05 | Build | Farm |
| 16:07 | Queue | Villager (Male) |
| 16:12 | Queue | Archer |
| 16:12 | Queue | Archer |
| 16:17 | Queue | Villager (Male) |
| 16:28 | Build | Blacksmith |
| 16:31 | Queue | Villager (Male) |
| 16:36 | Queue | Archer |
| 16:36 | Queue | Archer |
| 16:42 | Queue | Spearman |
| 16:52 | Build | Farm |
| 17:02 | Queue | Archer |
| 17:02 | Queue | Archer |
| 17:03 | Queue | Archer |
| 17:14 | Queue | Villager (Male) |
| 17:23 | Research | Fletching |
| 17:29 | Build | Farm |
| 17:31 | Build | Farm |
| 17:39 | Queue | Villager (Male) |
| 17:42 | Queue | Archer |
Match timeline
| 5:11 | Alec0nk · first_building Barracks |
| 7:35 | Regina Phalange · first_building Barracks |
| 8:21 | Regina Phalange · wall_segment Palisade Wall x1 |
| 8:40 | Regina Phalange · wall_segment Palisade Wall x1 |
| 8:40 | Regina Phalange · wall_segment Palisade Wall x1 |
| 8:50 | Regina Phalange · wall_segment Palisade Wall x1 |
| 8:59 | Regina Phalange · wall_segment Palisade Wall x1 |
| 9:00 | Regina Phalange · wall_segment Palisade Wall x1 |
| 9:01 | Regina Phalange · wall_segment Palisade Wall x1 |
| 9:02 | Regina Phalange · wall_segment Palisade Wall x1 |
| 9:04 | Regina Phalange · wall_segment Palisade Wall x1 |
| 9:20 | Regina Phalange · age_up feudal |
| 9:45 | Alec0nk · age_up feudal |
| 11:20 | Alec0nk · wall_segment Palisade Wall x1 |
| 11:55 | Alec0nk · wall_segment Palisade Wall x1 |
| 11:59 | Alec0nk · wall_segment Palisade Wall x1 |
| 12:07 | Regina Phalange · first_building Archery Range |
| 12:52 | Alec0nk · wall_segment Palisade Wall x1 |
| 12:54 | Alec0nk · wall_segment Palisade Wall x1 |
| 12:54 | Alec0nk · wall_segment Palisade Wall x1 |
| 12:55 | Alec0nk · wall_segment Palisade Wall x1 |
| 12:55 | Alec0nk · wall_segment Palisade Wall x1 |
| 12:56 | Alec0nk · wall_segment Palisade Wall x1 |
| 13:29 | Regina Phalange · wall_segment Palisade Wall x1 |
| 13:31 | Regina Phalange · wall_segment Palisade Wall x1 |
| 14:23 | Alec0nk · wall_segment Palisade Wall x1 |
| 14:24 | Alec0nk · wall_segment Palisade Wall x1 |
| 18:11 | Alec0nk · first_building Archery Range |
| 18:52 | Alec0nk · first_market_buy 100 stone |
| 20:18 | Regina Phalange · first_building Stable |
| 21:44 | Regina Phalange · first_market_buy 100 food |
| 21:47 | Regina Phalange · first_market_sell 100 wood |
| 24:20 | Regina Phalange · wall_segment Stone Wall x1 |
| 24:56 | Regina Phalange · age_up castle |
| 25:14 | Alec0nk · age_up castle |
| 25:46 | Alec0nk · wall_segment Palisade Wall x3 |
| 25:46 | Alec0nk · wall_segment Palisade Wall x1 |
| 27:13 | Alec0nk · first_market_sell 100 food |
| 27:52 | Alec0nk · first_building Monastery |
| 30:19 | Regina Phalange · first_building Castle |
| 32:09 | Alec0nk · wall_segment Palisade Wall x3 |
| 32:11 | Alec0nk · wall_segment Palisade Wall x1 |
| 32:57 | Regina Phalange · first_building Siege Workshop |
| 35:41 | Alec0nk · first_building Siege Workshop |
| 40:35 | Regina Phalange · age_up imperial |
| 41:45 | Alec0nk · resign |
[ AI ANALYSIS · 1 CREDIT ]
What really happened in this match?
Wolo.gg analyzes every decision: build order, eco, micro, common mistakes by bracket. Personalized analysis on WhatsApp or Discord in 30 seconds.
Civ guide
Hindustanis
Perfil
Jugador #6445127